 Dungeon Crawl Stone Soup version 0.31-a0-536-ga3e2962e35 (webtiles) character file.

Game seed: 4632850622993395754

177 Ethylacetat the Ducker (level 5, -4/36 HPs)
             Began as an Octopode Gladiator on Aug 13, 2023.
             Slain by an iguana (10 damage)
             ... on level 4 of the Dungeon.
             The game lasted 00:02:44 (1993 turns).

Ethylacetat the Ducker (Octopode Gladiator)         Turns: 1993, Time: 00:02:44

Health: -4/36      AC:  1    Str: 13    XL:     5   Next: 57%
Magic:  5/5        EV: 14    Int: 11    God:
Gold:   128        SH:  0    Dex: 15    Spells: 4/4 levels left

rFire   . . .        a - +0 rapier
rCold   . . .        (no shield)
rNeg    . . .        b - +0 hat
rPois   .            (no amulet)
rElec   .            (no ring)
rCorr   .            (no ring)
SInv    .            (no ring)
Will    .....        (no ring)
Stlth   ++++         (no ring)
HPRegen 0.26/turn    (no ring)
MPRegen 0.09/turn    (no ring)
                     (no ring)

%: no passive effects
@: brilliant
A: almost no armour, amphibious, 8 rings, camouflage 1, gelatinous body 1,
(nimble swimmer 1), tentacles
a: no special abilities


You were on level 4 of the Dungeon.
You visited 1 branch of the dungeon, and saw 4 of its levels.
You also visited: Sewer.

You collected 128 gold pieces.

Inventory:

Hand Weapons
 a - a +0 rapier (weapon)
Missiles
 c - 3 throwing nets (quivered)
 d - a javelin
 f - 5 silver javelins
Armour
 b - a +0 hat (worn)
Scrolls
 e - 3 scrolls of teleportation {unknown}
 g - 3 scrolls of identify {unknown}
 h - a scroll of acquirement {unknown}
 k - a scroll of noise {unknown}
 m - a scroll of blinking {unknown}
 p - a scroll of poison {unknown}
 s - a scroll of brand weapon {unknown}
 t - a scroll of revelation {unknown}
 w - a scroll of amnesia {unknown}
Potions
 i - a potion of brilliance
 j - a potion of degeneration {unknown}
 l - 2 potions of might {unknown}
 n - a potion of berserk rage {unknown}
 o - a potion of attraction {unknown}
 q - a potion of enlightenment {unknown}
 r - a potion of heal wounds
 u - a potion of curing {unknown}
 v - a potion of cancellation {unknown}
 x - a potion of mutation {unknown}
 z - 2 potions of lignification {unknown}


   Skills:
 + Level 3.6 Fighting
 - Level 3.0 Short Blades
 - Level 2.0 Throwing
 + Level 4.2 Dodging
 + Level 4.0 Stealth


You had 4 spell levels left.
You didn't know any spells.
Your spell library contained the following spells:

 Spells                   Type           Power      Damage    Failure   Level
 Apportation              Tloc           0%         N/A       34%         1
 Necrotise                Necr           0%         1d4       34%         1
 Summon Small Mammal      Summ           0%         N/A       34%         1
 Static Discharge         Conj/Air       0%         2-2/arc   47%         2
 Airstrike                Air            0%         2d(0-16)  98%         4
 Summon Lightning Spire   Summ/Air       0%         N/A       98%         4


Dungeon Overview and Level Annotations

Branches:
Dungeon (4/15)              Sewer (visited)
 Temple: D:4-7

Altars:

Shops:
D:1 *


Innate Abilities, Weirdness & Mutations

You cannot wear most types of armour.
You are amphibious.
You can wear up to eight rings at the same time.
Your skin changes colour to match your surroundings (Stealth+).
Your rubbery body absorbs attacks. (AC +1, EV +1)
((You are camouflaged when in or above water. (Stealth+)))
You have tentacles for arms and can constrict up to eight enemies at once.


Message History

Something hits you.
You miss something. Something hits you.
You bump into the rock wall.
Something hits you.
* * * LOW HITPOINT WARNING * * *
You miss something. Your squeeze misses something. Something hits you.
* * * LOW HITPOINT WARNING * * *
Something hits you.
* * * LOW HITPOINT WARNING * * *
You bump into the rock wall.
Something hits you.
* * * LOW HITPOINT WARNING * * *
It was a potion of brilliance.
You feel clever all of a sudden. Something hits you.
* * * LOW HITPOINT WARNING * * *
It was a potion of heal wounds.
You feel much better.
You feel less confused. Something hits you.
You hit something. Something hits you.
You miss something. Your squeeze misses something. Something hits you.
You hit something. Your squeeze misses something.
You hear some strange, mumbled words.
Something tries to affect you, but you resist.
You miss something. Something barely misses you.
You miss something. Your squeeze misses something. Something hits you.
* * * LOW HITPOINT WARNING * * *
You hit something. You squeeze something.
Reactivating autopickup.
You feel a bit more experienced.
Your Stealth skill increases to level 4!
You hit the orc.
You kill the orc!
You hit the iguana. Your grab misses the iguana.
The iguana is moderately wounded.
The iguana bites you.
* * * LOW HITPOINT WARNING * * *
You hit the iguana but do no damage. You grab the iguana.
The iguana is moderately wounded.
You constrict the iguana, but do no damage.
The iguana bites you!
You die...

.......#
##.#†~~~#.....
....?..#
#..#~~~~#.....
.......#
#..#~†.~#.....
†......####..#~~~~#
...
.............#†~~~#...
....†........'#####.#
....................#
...............##.###
...........†...l@.#
.........#####)#####
...................#
...................#
...................#
######+............#
+...........##
#...........#
#...........#


You could see an iguana.

Vanquished Creatures
  A hell rat (Sewer)
  An orc wizard (D:4)
  3 adders
  A river rat (Sewer)
  3 worms
  3 dart slugs
  4 orcs
  7 ball pythons
  4 endoplasms
  4 giant cockroaches
  7 hobgoblins
  5 quokkas
  4 bats
  4 frilled lizards
  7 goblins
  4 kobolds
  11 rats
73 creatures vanquished.

Notes
Turn   | Place    | Note
-------+----------+-------------------------------------------
     0 | D:1      | Ethylacetat the Octopode Gladiator began the quest for the
                  | Orb.
     0 | D:1      | Reached XP level 1. HP: 14/14 MP: 1/1
    85 | D:1      | Reached skill level 1 in Stealth
    92 | D:1      | Reached XP level 2. HP: 19/19 MP: 2/2
   127 | D:1      | Found Xejinum's Assorted Antiques.
   257 | D:1      | Reached XP level 3. HP: 20/25 MP: 3/3
   524 | D:1      | Found a faded altar of an unknown god.
   927 | D:2      | Reached XP level 4. HP: 18/31 MP: 4/4
  1791 | D:4      | Found a glowing drain.
  1806 | Sewer    | Entered a sewer
  1819 | Sewer    | Reached XP level 5. HP: 36/36 MP: 5/5
  1993 | D:4      | Slain by an iguana

Illustrated notes

Levels and vault maps discovered:
D:1:      matt_arrival_refuge, layout_basic, serial_shops, shop,
          shapermc_ecumenical_altar_acropolis, minmay_strange_pillars
D:2:      layout_basic
D:3:      layout_rooms, grunt_decor_clamped
D:4:      layout_basic, portal_sewer_entry_c

Skill      XL: |  1  2  3  4  5 |
---------------+----------------+-----
Stealth        | 1 2 3 4 |  4.0
Fighting       | 3 |  3.6
Dodging        | 4 |  4.2
Short Blades   | |  3.0
Throwing       | |  2.0

Action                     |  1- 3 |  4- 6 || total
---------------------------+-------+-------++-------
  Melee: Rapier            |    77 |    69 ||   146
         Constrict         |    16 |    13 ||    29
         Tentacles         |    14 |    11 ||    25
         Punch             |     1 |       ||     1
    Use: Potion            |       |     2 ||     2
   Stab: Sleeping          |    12 |    12 ||    24
 Armour: Skin              |     1 |     1 ||     2
  Dodge: Dodged            |    47 |    27 ||    74

Table legend: (Time is in decaauts)
 A = Elapsed time spent in this place.
 B = Non-inter-level travel time spent in this place.
 C = Inter-level travel time spent in this place.
 D = Time resting spent in this place.
 E = Time spent auto-exploring this place.
 F = Levels seen in this place.
 G = Mean time per level.
                   A        B        C        D        E       F      G
               +--------+--------+--------+--------+--------+-----+--------+
         Total |   1998 |   1965 |     33 |      0 |   1473 |   5 |  399.6 |
       Dungeon |   1893 |   1860 |     33 |      0 |   1417 |   4 |  473.2 |
         Sewer |    105 |    105 |      0 |      0 |     56 |   1 |  105.0 |
               +--------+--------+--------+--------+--------+-----+--------+

Top non-repeatable levels by time:
     D:2: 718 daAuts
     D:1: 539 daAuts
     D:3: 524 daAuts
     D:4: 111 daAuts
   Sewer: 105 daAuts
